 Dungeon Crawl Stone Soup version 0.21-a0-632-g1e37ce5 (webtiles) character file.

156 shenanigans the Skirmisher (level 5, -1/42 HPs)
             Began as a Barachi Warper on Dec 27, 2017.
             Was a Follower of Cheibriados.
             Slain by an orc
             ... wielding a +0 mace
              (2 damage)
             ... on level 3 of the Dungeon.
             The game lasted 00:06:02 (2349 turns).

shenanigans the Skirmisher (Barachi Warper)         Turns: 2349, Time: 00:06:03

Health: -1/42      AC:  7    Str: 14    XL:     5   Next: 37%
Magic:  8/8        EV: 12    Int: 16    God:    Cheibriados [*.....]
Gold:   73         SH:  0    Dex: 14    Spells: 8/8 levels left

rFire    + . .     SeeInvis .   j - +0 dagger (venom)
rCold    . . .     Gourm    .   (no shield)
rNeg     . . .     Faith    .   t - +2 ring mail {rF+}
rPois    .         Spirit   .   (no helmet)
rElec    .         Reflect  .   (no cloak)
rCorr    .         Harm     .   (no gloves)
MR       .....                  (no boots)
Stlth    +.........             (no amulet)
HPRegen  0.14/turn              (no ring)
MPRegen  0.11/turn              (no ring)

@: very slow
A: +LOS, swims, slowness 1, strong legs 1
a: Hop, Bend Time, Renounce Religion


You were on level 3 of the Dungeon.
You worshipped Cheibriados.
Cheibriados was aware of your devotion.
You were hungry.

You visited 1 branch of the dungeon, and saw 3 of its levels.

You collected 73 gold pieces.

Inventory:

Hand Weapons
 a - a +0 hand axe
 j - a +0 dagger of venom (weapon)
 u - a +0 short sword of venom
 w - a +0 short sword of venom
 x - a +0 war axe
Missiles
 e - a tomahawk of dispersal (quivered)
Armour
 b - a +0 leather armour
 t - a +2 ring mail of fire resistance (worn)
 y - a +0 chain mail
Scrolls
 d - a scroll of blinking
 h - 3 scrolls of identify {unknown}
 i - a scroll of amnesia {unknown}
 k - 2 scrolls of remove curse {unknown}
 m - a scroll of teleportation {unknown}
 o - a scroll of noise {unknown}
 q - a scroll of immolation {unknown}
Potions
 g - a potion of lignification {unknown}
 l - 2 potions of haste {unknown}
 n - a potion of brilliance {unknown}
 p - a potion of flight {unknown}
 r - 2 potions of heal wounds {unknown}
 s - a potion of degeneration {unknown}
 v - a potion of curing {unknown}
Books
 c - a book of Spatial Translocations

   Spells                             Type                      Level
   a - Blink                          Translocation                2
   b - Shroud of Golubria             Charms/Translocation         2
   c - Lesser Beckoning               Translocation                3
   d - Gell's Gravitas                Translocation                3
   e - Teleport Other                 Translocation                3
   f - Passage of Golubria            Translocation                4
Comestibles
 f - 4 rations


   Skills:
 + Level 3.7 Fighting
 + Level 3.5 Axes
 - Level 1.0 Throwing
 + Level 3.1 Armour
 + Level 3.4 Dodging
 - Level 2.1 Spellcasting
   Level 3.2 Translocations


You had 8 spell levels left.
You didn't know any spells.

Dungeon Overview and Level Annotations

Branches:
Dungeon (3/15)

Altars:
Cheibriados
Gozag
Okawaru
Yredelemnul


Innate Abilities, Weirdness & Mutations

Shadows flee at your approach. (+LOS)
You can swim through water.
You cover ground slowly.
You can hop short distances.


Message History

The orc is moderately wounded.
The orc hits you but does no damage.
You hit the orc.
The orc is severely wounded.
The orc closely misses you. The orc hits you with a club.
The orc priest invokes the aid of Beogh against you.
Pain shoots through your body!
* * * LOW HITPOINT WARNING * * *
You hit the orc priest.
The orc priest is poisoned.
The orc priest is moderately wounded.
The orc hits you with a club.
* * * LOW HITPOINT WARNING * * *
The orc barely misses you. The orc priest hits you with a club.
* * * LOW HITPOINT WARNING * * *
Unknown command.
You hit the orc priest.
The orc priest looks as sick as possible!
The orc priest is heavily wounded.
The orc hits you but does no damage. The orc hits you with a mace.
You die...

#. #....>...# #..
#####. #...#.##.# ##.#
#. ... ##.##.##.###...
#.###.###.##.##.......
#......).....######...
#...#..##.#### ##..
#..#_#.##.# #.#
#...#oo...# #)#
#...@o.### ##'#
######.# ##... #.#
##.... #o# ##.....
#.......# #......
#.#........+......
#.#.#...####...... #
#.##.## ##..... #.. .#
##....


You could see an orc priest and 2 orcs.

Vanquished Creatures
  An orc wizard (D:3)
  A worker ant (D:3)
  A gnoll (D:1)
  An adder (D:3)
  2 oozes
  4 dart slugs
  A leopard gecko (D:1)
  5 orcs (D:3)
  2 giant cockroaches
  7 goblins
  10 hobgoblins
  8 jackals (D:1)
  A quokka (D:2)
  5 bats
  3 frilled lizards
  5 kobolds
  4 rats
61 creatures vanquished.

Notes
Turn   | Place    | Note
-------+----------+-------------------------------------------
     0 | D:1      | shenanigans the Barachi Warper began the quest for the Orb.
     0 | D:1      | Reached XP level 1. HP: 17/17 MP: 3/3
   163 | D:1      | Reached XP level 2. HP: 22/23 MP: 5/5
   292 | D:1      | Reached XP level 3. HP: 11/28 MP: 6/6
  1062 | D:1      | Reached XP level 4. HP: 15/35 MP: 7/7
  1372 | D:2      | Noticed an ogre
  1644 | D:3      | Found a snail-covered altar of Cheibriados.
  1655 | D:3      | Became a worshipper of Cheibriados the Contemplative
  1791 | D:3      | Found a basalt altar of Yredelemnul.
  2020 | D:3      | Found an opulent altar of Gozag.
  2074 | D:3      | Reached XP level 5. HP: 34/41 MP: 8/8
  2283 | D:3      | Found an iron altar of Okawaru.
  2314 | D:3      | Reached * piety under Cheibriados
  2348 | D:3      | HP: 1/42 [orc priest/club (2)]
  2349 | D:3      | Slain by an orc

Vault maps used:
D:1:      dpeg_arrival_short_road
D:2:      makhleb_altar_promises_db, first_ration, minmay_misc_feat_pillars
D:3:      lemuel_doored_altar, kennysheep_slug_shrine,
          overflow_temple_1_default, okawaru_metal_pillars_1_2,
          serial_bayou_pond_c

Skill      XL: |  1  2  3  4  5 |
---------------+----------------+-----
Armour         | 2 3 |  3.1
Fighting       | 3 |  3.7
Axes           | 3 |  3.5
Dodging        | 3 |  3.4
Throwing       | |  1.0
Spellcasting   | |  2.1
Translocations | |  3.2

Action                   |  1- 3 |  4- 6 || total
-------------------------+-------+-------++-------
Melee: Hand axe          |    23 |       ||    23
       Dagger            |    76 |   100 ||   176
Throw: Tomahawk          |     4 |       ||     4
 Abil: Hop               |     1 |       ||     1
  Eat: Chunk             |       |     5 ||     5
Armor: Leather armour    |    33 |     8 ||    41
       Ring mail         |       |    13 ||    13
Dodge: Dodged            |    62 |    67 ||   129

Table legend:
 A = Spawn XP
 B = Non-spawn XP
 C = Spawn XP percentage of total XP
 D = Spawn monster count
 E = Non-spawn monster count
 F = Spawn count percentage of total count
 G = Total turns spent on level
                    A         B        C        D         E        F      G
               +---------+---------+-------+---------+---------+-------+---------
         Total |       0 |     223 |   0.0 |       0 |      61 |   0.0 |  2349
               +---------+---------+-------+---------+---------+-------+---------
           D:1 |       0 |      84 |   0.0 |       0 |      35 |   0.0 |  1300
           D:2 |       0 |       4 |   0.0 |       0 |       2 |   0.0 |    81
           D:3 |       0 |     135 |   0.0 |       0 |      24 |   0.0 |   968
               +---------+---------+-------+---------+---------+-------+---------
